 Dungeon Crawl Stone Soup version 0.30-a0-723-gc1506a1cf0 (webtiles) character file.

Game seed: 11134029914051828334

196921 Hamu the Devastator (level 17, -26/196 HPs)
             Began as a Demonspawn Fire Elementalist on Jan 28, 2023.
             Was a High Priest of Vehumet.
             Killed from afar by a shock serpent (33 damage)
             ... with a bolt of electricity
             ... on level 4 of the Snake Pit.
             The game lasted 01:12:57 (48001 turns).

Hamu the Devastator (Demonspawn Fire Elementalist) Turns: 48001, Time: 01:12:58

Health: -26/196    AC: 18    Str: 10    XL:     17   Next: 76%
Magic:  33/33      EV: 14    Int: 29    God:    Vehumet [*****.]
Gold:   1826       SH:  4    Dex: 14    Spells: 10/41 levels left

rFire   + + .      SeeInvis .    C - staff of fire
rCold   . . .      Faith    .    (no shield)
rNeg    . . .      Spirit   .    H - +0 troll leather armour
rPois   .          Reflect  .    r - +0 helmet
rElec   .          Harm     .    m - +1 cloak
rCorr   +          Rampage  .    (gloves unavailable)
Will    +....                    M - +0 pair of boots Stlth
                                 W - amulet "Ogu Niem" {RegenMP rCorr}
HPRegen 1.32/turn                v - +6 ring of intelligence
MPRegen 0.63/turn                e - ring of protection from fire

@: berserking, constricted, very quick
A: demonic guardian 1, icemail 2, sharp scales 2, condensation shield, demonic
touch 3
}: 1/15 runes: serpentine
a: Renounce Religion


You were on level 4 of the Snake Pit.
You worshipped Vehumet.
Vehumet was extremely pleased with you.
You visited 4 branches of the dungeon, and saw 26 of its levels.
You also visited: Sewer and Ossuary.

You collected 2714 gold pieces.
You spent 888 gold pieces at shops.

Inventory:

Missiles
 E - 3 throwing nets
Armour
 m - a +1 cloak (worn)
 r - a +0 helmet (worn)
 H - a +0 troll leather armour (worn)
 M - a +0 pair of boots (worn)
Magical Staves
 C - a staff of fire (weapon)
Jewellery
 a - a ring of positive energy
 b - a ring of willpower
 c - a ring of fire
 e - a ring of protection from fire (right hand)
 v - a +6 ring of intelligence (left hand)
 I - a +6 ring of dexterity
 N - a ring of flight
 R - a +5 ring of evasion
 U - a +4 ring of slaying
 W - the amulet "Ogu Niem" (around neck) {RegenMP rCorr}
   (You bought it in a shop on level 3 of the Snake Pit)

   [amulet of magic regeneration]

   It increases your rate of magic regeneration.
   rCorr:     It protects you from acid and corrosion.
Wands
 x - a wand of flame (46)
 B - a wand of paralysis (11)
 K - a wand of light (12)
 L - a wand of iceblast (10)
 Q - a wand of mindburst (27)
 X - a wand of polymorph (1)
Scrolls
 u - 9 scrolls of teleportation
 w - 6 scrolls of enchant armour
 y - 3 scrolls of blinking
 A - a scroll of magic mapping
 D - 6 scrolls of enchant weapon
 J - 4 scrolls of brand weapon
 O - 17 scrolls of identify
 S - 2 scrolls of poison
 T - 4 scrolls of fog
 V - 3 scrolls of amnesia
Potions
 d - 2 potions of cancellation
 h - a potion of resistance
 i - 2 potions of attraction
 j - 10 potions of might
 k - 3 potions of ambrosia
 n - 14 potions of curing
 o - 3 potions of berserk rage
 p - 6 potions of haste
 q - 5 potions of flight
 s - 3 potions of brilliance
 t - 5 potions of heal wounds
 z - 3 potions of lignification
 F - 4 potions of invisibility
 G - 3 potions of mutation


   Skills:
 - Level 11.0 Fighting
 + Level 12.9 Dodging
 - Level 3.0 Stealth
 + Level 12.9 Spellcasting
 * Level 15.1 Conjurations
 + Level 12.9 Fire Magic
 + Level 12.9 Air Magic


You had 10 spell levels left.
You knew the following spells:

 Your Spells              Type           Power      Damage    Failure   Level
a - Lightning Bolt        Conj/Air       39%        1d58      1%          5
b - Fireball              Conj/Fire      50%        3d20      1%          5
c - Freezing Cloud        Conj/Ice/Air   32%        6-21      1%          5
d - Foxfire               Conj/Fire      100%       2x1d9     0%          1
e - Inner Flame           Hex/Fire       71%        N/A       1%          3
f - Scorch                Fire           100%       2d10      1%          2
g - Ignition              Fire           48%        3d14      30%         8
k - Blink                 Tloc           36%        N/A       6%          2

Your spell library contained the following spells:

 Spells                   Type           Power      Damage    Failure   Level
 Shock                    Conj/Air       100%       1d9       0%          1
 Static Discharge         Conj/Air       100%       2-7/arc   0%          2
 Momentum Strike          Conj/Tloc      100%       3d10      1%          2
 Kindle Blastsparks       Fire/Tloc/Air  100%       2d18      1%          3
 Swiftness                Air            76%        N/A       1%          3
 Vhi's Electric Charge    Tloc/Air       100%       N/A       1%          3
 Airstrike                Air            38%        2d(6-22)  1%          4
 Flame Wave               Conj/Fire      100%       2d21      1%          4
 Arcjolt                  Conj/Air       39%        1d49      1%          5
 Irradiate                Conj/Tmut      29%        3d21      1%          5
 Starburst                Conj/Fire      50%        6d14      1%          6
 Summon Lightning Spire   Summ/Air       54%        N/A       2%          4
 Lesser Beckoning         Tloc           36%        N/A       6%          2
 Sublimation of Blood     Necr           18%        N/A       6%          2
 Gell's Gravitas          Tloc           18%        N/A       12%         3
 Teleport Other           Tloc           18%        N/A       12%         3
 Lee's Rapid Deconstruct  Erth           9%         3d7*      26%         5
 Yara's Violent Unravell  Hex/Tmut       9%         3d6       26%         5
 Maxwell's Capacitive Co  Air            38%        ∞         30%         8
 Leda's Liquefaction      Hex/Erth       9%         N/A       36%         4
 Petrify                  Tmut/Erth      18%        N/A       36%         4
 Storm Form               Tmut/Air       27%        N/A       92%         7
 Dispersal                Tloc           9%         N/A       99%         6
 Statue Form              Tmut/Erth      12%        N/A       99%         6
 Summon Cactus Giant      Summ           9%         N/A       99%         6
 Enfeeble                 Hex            9%         N/A       100%        7


Dungeon Overview and Level Annotations

Branches:
Dungeon (15/15)            Temple (0/1) D:6            Lair (5/5) D:10
 Shoals (0/4) Lair:2        Snake (4/4) Lair:2        Slime (0/5) Lair:4
    Orc (2/2) D:10            Elf (0/3) Orc:2        Vaults (0/5) D:14
 Depths (0/4) D:15          Sewer (visited)         Ossuary (visited)

Altars:
Kikubaaqudgha
Ru
Sif Muna
Uskayaw
Vehumet
Wu Jian
Xom
Yredelemnul
Jiyva

Shops:
D:5 :   D:9 :   D:15 ?   Orc:2 !:[??   Snake:1 ?   Snake:3 =:=

Portals:
Trove: D:15 (give 15 scrolls of teleportation)

Annotations:
D:11 Josephine
Lair:5 exclusion: obsidian statue
Snake:4 1 transporter, hikkokomori's ghost, adept VSFi


Innate Abilities, Weirdness & Mutations

A weak demonic guardian rushes to your aid.
A meltable icy envelope protects you from harm. (AC +8)
You are mostly covered in razor-sharp scales. (AC +2, Slay +2)
A meltable shield of frost defends you. (SH +4)
Your touch may irresistibly damage your foes and sap their willpower.


Message History

The moth of wrath bites you.
* * * LOW HITPOINT WARNING * * *
The anaconda closely misses you. The anaconda constricts you.
* * * LOW HITPOINT WARNING * * *
You barely miss the anaconda. Your touch misses the anaconda.
The anaconda is lightly wounded.
You block the anaconda's attack.
The anaconda bites you but does no damage.
The shock serpent barely misses you.
The shock serpent bites you but does no damage.
The moth of wrath barely misses you. The anaconda bites you.
* * * LOW HITPOINT WARNING * * *
The anaconda constricts you. The anaconda closely misses you. x2
The shock serpent closely misses you. x2
You closely miss the anaconda.
The anaconda is lightly wounded.
The anaconda barely misses you. The anaconda constricts you.
The anaconda bites you but does no damage.
The moth of wrath goads the anaconda on!
The anaconda goes berserk!
The anaconda closely misses you.
The shock serpent bites you but does no damage.
The shock serpent bites you!
* * * LOW HITPOINT WARNING * * *
A demonic guardian appears!
The shock serpent shocks you!
* * * LOW HITPOINT WARNING * * *
You barely miss the anaconda.
You touch the anaconda!
You sap its willpower!
The anaconda is moderately wounded.
The anaconda closely misses you. The anaconda constricts you.
* * * LOW HITPOINT WARNING * * *
The anaconda bites you!
* * * LOW HITPOINT WARNING * * *
The anaconda bites you but does no damage.
The anaconda constricts you.
* * * LOW HITPOINT WARNING * * *
The anaconda closely misses you.
The moth of wrath goads the anaconda on!
The anaconda goes berserk!
The shock serpent shoots out a bolt of lightning at you!
The bolt of electricity hits you!!
You die...

#######.............##
###.............#####..##
##...####.©.####..# ##..####
#..###. #####..##[## ##.#...
#.##..#.:!?|!...#..# #.#...
#.#....###=..##.##.# #.#...
#.##S#.....#4....#[# #.#.##
#..#..$#.SSSS##.©#[# ###...#
##.#S.##.S#S@S...#)# #...###
#.#....#.SS#y..##.# #...#
#.##.....S#....#.[# #.S.#
#..##.###..#####.## ###.#
##..###©####.....### #..#
##..............).# #.## ####
#####............###.###
...#####...###............#<..#
..............................#


You could see 3 anacondas, 2 shock serpents, a moth of wrath, a mana viper, a
guardian serpent, 2 black mambas and a friendly rust devil (summoned).

Vanquished Creatures
  Vashnia (Snake:4)
  A tentacled monstrosity (D:14)
  Agnes (D:14)
  3 nagarajas
  3 very ugly things (D:14)
  Nessos (Lair:5)
  5 dire elephants
  A yaktaur captain (D:14)
  Fannar (D:11)
  2 salamander tyrants
  2 ogre magi
  Erolcha (D:11)
  2 catoblepae
  6 hydras
  5 centaur warriors
  8 two-headed ogres
  14 anacondas
  2 boulder beetles
  13 naga warriors
  7 shock serpents
  11 death yaks
  2 orc high priests
  Urug (D:11)
  7 naga sharpshooters
  Nergalle (D:11)
  4 skeletal warriors (D:12)
  2 spectral death yaks (Lair:5)
  A sea snake (Snake:2)
  A spectral anaconda (Lair:5)
  6 naga ritualists
  5 salamander mystics
  A deep elf pyromancer (D:15)
  A mana viper (shapeshifter) (D:15)
  4 necromancers (Lair:5)
  10 orc sorcerers (Orc:2)
  12 mana vipers
  13 ugly things
  10 cyclopes
  A manticore (D:15)
  19 salamanders
  The ghost of Lobster4 the Trooper, a novice TrAr (D:5)
  18 elephants
  42 black mambas
  6 guardian serpents (Snake:4)
  19 naga magi
  A molten gargoyle (Lair:1)
  Joseph (D:7)
  An unseen horror (D:13)
  3 gargoyles
  3 demonic crawlers (D:14)
  16 cane toads
  4 rime drakes
  2 kobold demonologists (D:11)
  8 komodo dragons
  A freezing wraith (D:15)
  2 efreet
  2 yaktaurs (D:14)
  3 trolls
  5 polar bears
  A merfolk (Lair:2)
  A hornet (D:10)
  A spectral elephant (Lair:5)
  A tarantella (shapeshifter) (D:15)
  24 blink frogs
  6 dream sheep (Lair:5)
  3 wraiths
  A shadow (D:11)
  6 slime creatures
  A spriggan (shapeshifter) (D:14)
  Sigmund (D:4)
  27 yaks
  2 vampires
  3 wyverns
  4 basilisks (Lair:5)
  5 small abominations (D:14)
  2 death yak simulacra (Lair:5)
  7 fire bats
  2 steam dragons
  7 vampire mosquitoes
  3 wargs
  50 nagas
  An acid dragon (D:9)
  Edmund (D:4)
  A spectral cane toad (Lair:5)
  22 water moccasins
  19 orc warriors
  12 black bears
  An elephant zombie (Lair:5)
  A sky beast (D:7)
  7 ogres
  11 wolves
  3 boggarts (D:14)
  6 centaurs
  An elephant skeleton (Lair:5)
  A phantom (D:5)
  Blork the orc (D:4)
  5 necrophages
  2 scorpions
  A gnoll sergeant (D:10)
  4 kobold brigands
  12 bullfrogs
  A cane toad simulacrum (Lair:5)
  6 wights
  12 killer bees (D:9)
  6 howler monkeys
  8 electric eels
  A centaur zombie (Ossuary)
  4 crimson imps (D:12)
  2 lava snakes (Lair:1)
  A human zombie (Ossuary)
  4 hounds
  4 jellies
  8 orc priests
  Terence (D:3)
  Jessica (D:2)
  An iguana (D:6)
  29 orc wizards
  11 hell rats
  5 mummies (Ossuary)
  Robin (D:2)
  4 gnolls (D:10)
  11 adders
  19 river rats
  3 shadow imps
  2 white imps
  An ufetubus (D:7)
  A worm (D:3)
  2 dart slugs
  71 orcs
  A bat (D:2)
  9 endoplasms
  4 giant cockroaches
  11 goblins
  9 hobgoblins
  8 jackals
  16 kobolds
  11 quokkas
  8 ball pythons
  6 frilled lizards
  2 gnoll zombies (Ossuary)
  A goblin zombie (Ossuary)
  2 hobgoblin zombies (Ossuary)
  A kobold zombie (Ossuary)
  22 rats
930 creatures vanquished.

Vanquished Creatures (collateral kills)
  A salamander mystic (Snake:4)
  A naga ritualist (Snake:2)
  An orc knight (D:15)
  A black mamba (Snake:1)
  A naga mage (Snake:3)
  An orc warrior (Orc:1)
  2 orcs
  3 kobolds (D:8)
  8 foxfires (Sewer)
19 creatures vanquished.

Vanquished Creatures (others)
  A bush (Lair:2)
  A fire vortex (Lair:1)
  657 foxfires
  88 fungi
  149 plants
  28 withered plants (Lair:5)
924 creatures vanquished.

Grand Total: 1873 creatures vanquished

Notes
Turn   | Place    | Note
-------+----------+-------------------------------------------
     0 | D:1      | Hamu the Demonspawn Fire Elementalist began the quest for
                  | the Orb.
     0 | D:1      | Reached XP level 1. HP: 13/13 MP: 3/3
    38 | D:1      | Found a faded altar of an unknown god.
   403 | D:1      | Gained mutation: Your touch may inflict minor irresistible
                  | damage on your foes. [demonic ancestry]
   403 | D:1      | Reached XP level 2. HP: 20/20 MP: 1/5
   418 | D:1      | Learned a level 2 spell: Scorch
  1090 | D:2      | Reached XP level 3. HP: 22/25 MP: 3/6
  1198 | D:2      | Noticed Robin
  1300 | D:2      | Noticed Jessica
  1315 | D:2      | Killed Jessica
  1316 | D:2      | Reached skill level 1 in Fighting
  1316 | D:2      | Gained mutation: A meltable shield of frost defends you.
                  | (SH +4) [demonic ancestry]
  1316 | D:2      | Reached XP level 4. HP: 26/32 MP: 0/7
  1427 | D:2      | Killed Robin
  2082 | D:2      | Learned a level 3 spell: Inner Flame
  2129 | D:3      | Noticed Terence
  2150 | D:3      | Killed Terence
  2468 | D:3      | Reached XP level 5. HP: 37/38 MP: 0/8
  2603 | D:3      | Found a glowing drain.
  2612 | D:3      | Reached skill level 2 in Conjurations
  2624 | Sewer    | Entered a sewer
  3245 | Sewer    | Reached XP level 6. HP: 39/46 MP: 3/10
  4234 | D:4      | Noticed Sigmund
  4239 | D:4      | Killed Sigmund
  4240 | D:4      | Reached skill level 3 in Conjurations
  4240 | D:4      | Gained mutation: A weak demonic guardian rushes to your
                  | aid. [demonic ancestry]
  4240 | D:4      | Reached XP level 7. HP: 52/52 MP: 5/12
  4602 | D:4      | Noticed Blork the orc
  4613 | D:4      | Killed Blork the orc
  4660 | D:4      | Found an ornate altar of the Wu Jian Council.
  4787 | D:4      | Found a hide-covered altar of Uskayaw.
  4880 | D:4      | Noticed Edmund
  4893 | D:4      | Killed Edmund
  4998 | D:4      | Found a radiant altar of Vehumet.
  4999 | D:4      | Found a basalt altar of Yredelemnul.
  5101 | D:5      | Entered Level 5 of the Dungeon
  5157 | D:5      | Gained mutation: Your touch may inflict irresistible damage
                  | on your foes. [demonic ancestry]
  5157 | D:5      | Reached XP level 8. HP: 52/60 MP: 8/14
  5205 | D:5      | Reached skill level 4 in Conjurations
  5336 | D:5      | Found Sizun's Book Emporium.
  5702 | D:5      | Found a large runed translucent door.
  5703 | D:5      | Found a large runed translucent door.
  5705 | D:5      | Noticed Lobster4's ghost (novice TrAr)
  5768 | D:4      | Became a worshipper of Vehumet
  6278 | D:6      | Reached skill level 5 in Fire Magic
  6546 | D:6      | Reached skill level 5 in Spellcasting
  6617 | D:6      | Reached skill level 5 in Fighting
  6658 | D:6      | Found a staircase to the Ecumenical Temple.
  6684 | D:6      | Reached skill level 5 in Conjurations
  6776 | D:6      | Found a transporter.
  7046 | D:6      | Found a transporter.
  7060 | D:6      | Gained mutation: A meltable icy envelope protects you from
                  | harm. (AC +8) [demonic ancestry]
  7060 | D:6      | Reached XP level 9. HP: 68/68 MP: 12/16
  7284 | D:7      | Reached skill level 5 in Dodging
  7723 | D:8      | Found a sand-covered staircase.
  7876 | Ossuary  | Entered an ossuary
  8378 | D:8      | Reached * piety under Vehumet
  8378 | D:8      | Offered knowledge of Magic Dart by Vehumet.
  9105 | D:7      | Noticed a troll
  9112 | D:7      | Killed a troll
  9113 | D:7      | Reached skill level 6 in Conjurations
  9118 | D:7      | Noticed Joseph
  9137 | D:7      | Killed Joseph
  9509 | D:7      | Gained mutation: You are partially covered in razor-sharp
                  | scales. (AC +1, Slay +1) [demonic ancestry]
  9509 | D:7      | Reached XP level 10. HP: 76/76 MP: 12/19
 10351 | D:9      | Noticed a two-headed ogre
 10363 | D:9      | Killed a two-headed ogre
 10821 | D:9      | Offered knowledge of Sandblast by Vehumet.
 10952 | D:9      | Found Yrysoq's Book Shoppe.
 11059 | D:9      | Bought a book of Fire for 420 gold pieces
 11065 | D:9      | Learned a level 5 spell: Fireball
 11090 | D:10     | Entered Level 10 of the Dungeon
 11166 | D:10     | Reached skill level 7 in Conjurations
 11173 | D:10     | Reached ** piety under Vehumet
 11772 | D:10     | Found a staircase to the Orcish Mines.
 11806 | D:10     | Noticed a gargoyle
 11812 | D:10     | Killed a gargoyle
 11813 | D:10     | Reached XP level 11. HP: 76/84 MP: 10/21
 11893 | D:10     | Found a shimmering blue altar of Sif Muna.
 11980 | D:10     | Found a staircase to the Lair.
 12043 | D:10     | Offered knowledge of Ignite Poison by Vehumet.
 12485 | Lair:1   | Entered Level 1 of the Lair of Beasts
 12768 | D:10     | Learned a level 4 spell: Airstrike
 12805 | D:11     | Noticed a two-headed ogre
 12808 | D:11     | Reached skill level 1 in Air Magic
 12968 | D:11     | Killed a two-headed ogre
 12968 | D:11     | Reached *** piety under Vehumet
 13536 | D:10     | Reached skill level 8 in Conjurations
 13966 | Lair:1   | Identified the +0 scale mail "Zoicloil" {Regen+ Int+3}
 13992 | Lair:1   | Offered knowledge of Frozen Ramparts by Vehumet.
 14953 | Lair:1   | Reached **** piety under Vehumet
 15407 | Lair:1   | Reached skill level 5 in Air Magic
 15407 | Lair:1   | Reached XP level 12. HP: 94/94 MP: 22/24
 15464 | Lair:2   | Reached skill level 9 in Conjurations
 15465 | Lair:2   | Offered knowledge of Fulminant Prism by Vehumet.
 15480 | Lair:2   | Gained mutation: Your touch may irresistibly damage your
                  | foes and sap their willpower. [demonic ancestry]
 15480 | Lair:2   | Reached XP level 13. HP: 67/101 MP: 9/25
 16441 | Lair:2   | Found a staircase to the Snake Pit.
 17110 | Lair:2   | Found a staircase to the Shoals.
 17115 | Lair:2   | Reached ***** piety under Vehumet
 17479 | Lair:3   | Offered knowledge of Lee's Rapid Deconstruction by Vehumet.
 17575 | Lair:3   | Found a frozen archway.
 18006 | Lair:2   | Found a staircase to the Snake Pit.
 18415 | Lair:3   | Reached skill level 10 in Fighting
 18535 | Lair:3   | Reached skill level 10 in Conjurations
 19043 | Lair:4   | Found a staircase to the Slime Pits.
 19554 | Lair:2   | Found a staircase to the Shoals.
 19862 | Snake:1  | Entered Level 1 of the Snake Pit
 20395 | Lair:4   | Gained mutation: A meltable icy envelope protects you from
                  | harm. (AC +8) [demonic ancestry]
 20395 | Lair:4   | Reached XP level 14. HP: 111/111 MP: 9/27
 20814 | Lair:4   | Reached skill level 10 in Fire Magic
 21171 | Lair:4   | Found a viscous altar of Jiyva.
 21312 | Lair:4   | Learned a level 5 spell: Lightning Bolt
 21349 | Lair:5   | Entered Level 5 of the Lair of Beasts
 21483 | Lair:5   | Offered knowledge of Spellforged Servitor by Vehumet.
 21709 | Lair:5   | Noticed Nessos
 21713 | Lair:5   | Killed Nessos
 21714 | Lair:5   | Reached skill level 10 in Spellcasting
 22383 | Lair:5   | Reached skill level 10 in Dodging
 24285 | Lair:5   | Reached skill level 11 in Conjurations
 26365 | Orc:1    | Entered Level 1 of the Orcish Mines
 26706 | D:10     | Reached XP level 15. HP: 92/118 MP: 7/29
 27274 | Orc:1    | Learned a level 2 spell: Blink
 27275 | Orc:2    | Entered Level 2 of the Orcish Mines
 27876 | Orc:2    | Found a staircase to the Elven Halls.
 27980 | Orc:2    | Offered knowledge of Ozocubu's Refrigeration by Vehumet.
 28478 | Orc:2    | Paralysed by an orc sorcerer for 4 turns
 28487 | Orc:2    | Paralysed by an orc sorcerer for 3 turns
 28657 | Orc:2    | Found an ancient bone altar of Kikubaaqudgha.
 28743 | Orc:2    | Found Qiuhampe's Book Boutique.
 28774 | Orc:2    | Paralysed by an orc sorcerer for 2 turns
 28938 | Orc:2    | Found Otzubopt's Antique Armour Boutique.
 28963 | Orc:2    | Found Xaqox's Distillery.
 28989 | Orc:2    | Found a radiant altar of Vehumet.
 29004 | Orc:2    | Found Ilomof's Magic Scroll Shop.
 29103 | Orc:2    | Found Liupho's Magic Scroll Shoppe.
 29591 | D:11     | Reached skill level 10 in Air Magic
 29903 | D:11     | Noticed Fannar
 29907 | D:11     | Killed Fannar
 29908 | D:11     | Noticed Nergalle
 30035 | D:11     | Found a sacrificial altar of Ru.
 30192 | D:11     | Noticed Erolcha
 30194 | D:11     | Killed Erolcha
 30410 | D:11     | Found the +10 zealot's sword {holy, Zealotry, *Rage rN+
                  | EV+3}
 30411 | D:11     | Noticed Josephine
 30541 | D:11     | Killed Nergalle
 32259 | D:12     | Found a shimmering altar of Xom.
 32932 | D:12     | Offered knowledge of Orb of Destruction by Vehumet.
 33283 | D:13     | You fall into a shaft and drop 2 floors!
 33283 | D:15     | Entered Level 15 of the Dungeon
 33309 | D:15     | Found Xasud's Magic Scroll Boutique.
 33311 | D:15     | Found a portal to a secret trove of treasure.
 33451 | D:14     | Noticed Agnes
 33464 | D:14     | Killed Agnes
 34084 | D:14     | Found a gate to the Vaults.
 34176 | D:14     | Found a runed translucent door.
 34180 | D:14     | Noticed a tentacled monstrosity
 34861 | D:14     | Killed a tentacled monstrosity
 35288 | D:14     | Reached skill level 12 in Conjurations
 36061 | D:15     | Gained mutation: You are mostly covered in razor-sharp
                  | scales. (AC +2, Slay +2) [demonic ancestry]
 36061 | D:15     | Reached XP level 16. HP: 28/125 MP: 16/31
 36908 | D:15     | Offered knowledge of Freezing Cloud by Vehumet.
 36931 | D:15     | Learned a level 5 spell: Freezing Cloud
 37026 | D:15     | Found a staircase to the Depths.
 37499 | D:5      | Killed Lobster4's ghost
 37830 | D:11     | Noticed Urug
 37833 | D:11     | Killed Urug
 38042 | D:11     | Found a sacrificial altar of Ru.
 39221 | D:11     | Found a sacrificial altar of Ru.
 41039 | Snake:1  | Reached skill level 13 in Conjurations
 41686 | Snake:1  | Found Jemil's Magic Scroll Emporium.
 42321 | Snake:2  | Offered knowledge of Eringya's Noxious Bog by Vehumet.
 44531 | Snake:3  | Reached XP level 17. HP: 76/131 MP: 10/33
 44715 | Snake:3  | Reached skill level 14 in Conjurations
 45036 | Snake:3  | Found Vovuyh's Jewellery Emporium.
 45036 | Snake:3  | Found Fecs's Book Shop.
 45037 | Snake:3  | Found Teffer's Jewellery Emporium.
 45047 | Snake:3  | Bought the amulet "Ogu Niem" {RegenMP rCorr} for 468 gold
                  | pieces
 45374 | Snake:4  | Entered Level 4 of the Snake Pit
 45637 | Snake:4  | Found a transporter.
 45655 | Snake:4  | Identified the +6 leather armour of Claustrophobia {rCorr}
 45719 | Snake:4  | Noticed hikkokomori's ghost (adept VSFi)
 45720 | Snake:4  | Found a transporter.
 46385 | Snake:4  | Noticed Vashnia
 46725 | Snake:4  | Killed Vashnia
 47170 | Snake:4  | Offered knowledge of Ignition by Vehumet.
 47180 | Snake:4  | Learned a level 8 spell: Ignition
 47221 | Snake:4  | Paralysed by a naga mage for 5 turns
 47415 | Snake:4  | Reached skill level 15 in Conjurations
 47904 | Snake:4  | Got a serpentine rune of Zot
 48001 | Snake:4  | HP: 9/196 [anaconda (12)]
 48001 | Snake:4  | Killed from afar by a shock serpent

Illustrated notes

Levels and vault maps discovered:
D:1:      dpeg_arrival_round_c, layout_loops_ring,
          ebering_ecumenical_altar_abandoned, minmay_tromino_v7
D:2:      layout_rooms, uniq_jessica, uniq_robin
D:3:      layout_basic, portal_sewer_entry_c, uniq_terence
D:4:      layout_cave_pools, nicolae_overflow_hidden_temple,
          mainiacjoe_overflow_alcove_2, uniq_edmund, uniq_blork_the_orc,
          uniq_sigmund
D:5:      layout_loops_ring, serial_shops, nicolae_shop_crystal,
          ebering_ghost_disaster_area
D:6:      gammafunk_steamed_eel, layout_cave_pools, minmay_temple_entry_statues
D:7:      layout_basic, small_statue_intersection, small_statue_alley_b,
          nicolae_fountain_basement, uniq_joseph
D:8:      layout_basic, enter_ossuary_1
D:9:      layout_irregular_city, serial_shops, kennysheep_little_box,
          abandoned_shop, chequers_hall_statues_y
D:10:     layout_loops_cross, lemuel_blue_sif_altar,
          due_lair_maze_entry_diamond, david_orc_2
D:11:     layout_basic, minivault_21, nicolae_ru_the_path_less_chosen,
          uniq_urug, uniq_erolcha, uniq_fannar, uniq_nergalle, uniq_josephine
D:12:     layout_big_octagon, led_xom_imps
D:13:     layout_rooms
D:14:     cheibrodos_body_horror, layout_rooms, david_vaults_2, uniq_agnes
D:15:     hangedman_depths_entry_try_elsewhere_first, layout_irregular_city,
          serial_shops, nicolae_square_shop, enter_trove_0, minivault_24,
          minmay_strange_pillars, tso_oasis_becter
Lair:1:   lemuel_ratsnest, layout_chaotic_city, minivault_25,
          chequers_serial_rivers_room_a, nicolae_quartered_pool_impasse,
          serial_bayou_shore_a
Lair:2:   layout_gridlike, elwin_shoals_entry_rooms,
          minmay_snake_entry_six_corridors, minivault_19,
          infiniplex_staircase_pool
Lair:3:   beast_lair_carwin_large_1, layout_concentric_octagons,
          portal_ice_cave_entry_pillars_2
Lair:4:   layout_gridlike, nicolae_slime_entry_field_trip
Lair:5:   due_jungle_book, layout_gridlike, pdpol_lair_cavern_descent,
          uniq_nessos
Snake:1:  layout_onion_interference, serial_shops,
          nicolae_shop_advertising_works [nicolae_subvault_shop_adworks],
          grunt_ministairs_13, grunt_megastairs_5
Snake:2:  layout_layer_cave, minmay_snake_pond
Snake:3:  layout_misc_corridors, minmay_shop_grove
Snake:4:  johnstein_snake_rune_scales, layout_misc_corridors,
          gammafunk_ghost_berserking_beasts
Orc:1:    layout_diamond_mine
Orc:2:    kennysheep_orc_mage_school, layout_caves, serial_shops,
          nicolae_shop_behind_doors

Skill      XL: |  1  2  3  4  5  6  7  8  9 10 11 12 13 14 15 16 17 |
---------------+----------------------------------------------------+-----
Stealth        | 2 3 |  3.0
Dodging        | 2 3 4 6 7 8 9 10 11 12 | 12.9
Fighting       | 1 2 3 5 6 7 8 9 10 11 | 11.0
Fire Magic     | 3 4 5 6 7 8 9 11 12 | 12.9
Conjurations   | 2 3 5 6 7 8 9 10 11 12 13 15 | 15.1
Spellcasting   | 3 4 5 6 7 8 9 10 11 12 | 12.9
Air Magic      | 5 7 8 11 12 | 12.9

Action                     |  1- 3 |  4- 6 |  7- 9 | 10-12 | 13-15 | 16-18 || total
---------------------------+-------+-------+-------+-------+-------+-------++-------
  Melee: Unarmed           |    12 |       |       |       |       |       ||    12
         Dagger            |     9 |    48 |    41 |       |       |       ||    98
         Touch             |     2 |    10 |    13 |     8 |    20 |    19 ||    72
         Punch             |       |       |     3 |     1 |       |     1 ||     5
         Staff             |       |       |    30 |    39 |    77 |   116 ||   262
   Cast: Foxfire           |    42 |    74 |    79 |   107 |    79 |       ||   381
         Scorch            |     3 |    30 |   106 |    97 |   116 |       ||   352
         Inner Flame       |       |       |    26 |    99 |    88 |       ||   213
         Airstrike         |       |       |       |    19 |     7 |       ||    26
         Fireball          |       |       |       |       |   444 |    57 ||   501
         Lightning Bolt    |       |       |       |       |    85 |   267 ||   352
         Freezing Cloud    |       |       |       |       |       |   159 ||   159
    Use: Scroll            |       |     9 |    10 |     3 |    14 |     2 ||    38
         Potion            |       |       |     1 |     1 |     7 |     3 ||    12
   Stab: Sleeping          |       |     1 |     1 |       |       |       ||     2
         Distracted        |       |       |       |       |     1 |       ||     1
 Armour: Robe              |     7 |     8 |    65 |       |       |       ||    80
         Animal skin       |       |     6 |       |       |       |       ||     6
         Troll leather arm |       |       |     1 |   115 |   164 |   105 ||   385
  Dodge: Dodged            |    21 |    44 |   123 |   220 |   384 |   321 ||  1113
  Block: Other             |       |    18 |    24 |    33 |    78 |    49 ||   202

Table legend: (Time is in decaauts)
 A = Elapsed time spent in this place.
 B = Non-inter-level travel time spent in this place.
 C = Inter-level travel time spent in this place.
 D = Time resting spent in this place.
 E = Time spent auto-exploring this place.
 F = Levels seen in this place.
 G = Mean time per level.
                   A        B        C        D        E       F      G
               +--------+--------+--------+--------+--------+-----+--------+
         Total |  48380 |  45826 |   2554 |    110 |  38396 |  28 | 1727.9 |
       Dungeon |  22318 |  20880 |   1438 |      0 |  17907 |  15 | 1487.9 |
          Lair |  13766 |  13104 |    662 |    110 |  10680 |   5 | 2753.2 |
     Snake Pit |   8012 |   7670 |    342 |      0 |   6215 |   4 | 2003.0 |
  Orcish Mines |   2521 |   2410 |    111 |      0 |   2106 |   2 | 1260.5 |
         Sewer |   1277 |   1277 |      0 |      0 |   1097 |   1 | 1277.0 |
       Ossuary |    482 |    482 |      0 |      0 |    390 |   1 |  482.0 |
               +--------+--------+--------+--------+--------+-----+--------+

Top non-repeatable levels by time:
  Lair:5: 3754 daAuts
    D:11: 3615 daAuts
  Lair:2: 3526 daAuts
    D:10: 3015 daAuts
  Lair:1: 2615 daAuts
  Lair:4: 2443 daAuts
    D:14: 2280 daAuts
 Snake:1: 2191 daAuts
 Snake:4: 2109 daAuts
   Orc:2: 1949 daAuts
 Snake:3: 1939 daAuts
 Snake:2: 1771 daAuts
     D:7: 1450 daAuts
  Lair:3: 1425 daAuts
   Sewer: 1277 daAuts
